 Dungeon Crawl Stone Soup version 0.28.0-45-g0d030f2227 (webtiles) character file.

Game seed: 15106748958677942071

26957 pkoi the Destroyer (level 12, -8/100 HPs)
             Began as a Demigod Conjurer on Apr 4, 2022.
             Mangled by a dream sheep (24 damage)
             ... led by a torpor snail
             ... on level 3 of the Lair of Beasts.
             The game lasted 00:38:20 (23106 turns).

pkoi the Destroyer (Demigod Conjurer)              Turns: 23106, Time: 00:38:21

Health: -8/100     AC:  6    Str: 11    XL:     12   Next: 65%
Magic:  0/27       EV:  2    Int: 44    God:
Gold:   772        SH:  0    Dex: 16    Spells: 6/26 levels left

rFire   . . .      SeeInvis .   a - staff of conjuration
rCold   + + .      Faith    .   (no shield)
rNeg    . . .      Spirit   .   t - +1 leather armour "Camuust" {rElec rC+ Int+2 Slay+2}
rPois   .          Reflect  .   f - +0 helmet
rElec   +          Harm     .   (no cloak)
rCorr   .          Rampage  .   (no gloves)
Will    ++...                   (no boots)
Stlth   ++........              i - amulet of Tittuth {Acrobat rC+ Str+3 Dex+4}
HPRegen 0.26/turn               l - +6 ring of intelligence
MPRegen 0.20/turn               I - ring of willpower

@: sleeping, slowed, studying 2 skills
A: high MP 1, forlorn, divine attributes
a: no special abilities


You were on level 3 of the Lair of Beasts.
You visited 3 branches of the dungeon, and saw 15 of its levels.
You also visited: Sewer and Bailey.

You collected 772 gold pieces.

Inventory:

Hand Weapons
 e - a +0 whip of freezing
 o - a +2 short sword of protection
 w - a +1 dagger of venom
 G - the +9 trident of the Eel {drain, rPois rC+ Str-4 Stlth+}
   (You found it on level 11 of the Dungeon)

   A truly terrible weapon, it drains the life of any living foe it strikes.
   Str:       It affects your strength (-4).
   rC:        It protects you from cold.
   rPois:     It protects you from poison.
   Stlth:     It makes you more stealthy.
Missiles
 c - 40 poisoned darts
Armour
 f - a +0 helmet (worn)
 t - the +1 leather armour "Camuust" (worn) {rElec rC+ Int+2 Slay+2}
   (You found it on level 3 of the Dungeon)

   Int:       It affects your intelligence (+2).
   Slay:      It affects your accuracy & damage with ranged weapons and melee
   (+2).
   rC:        It protects you from cold.
   rElec:     It insulates you from electricity.
Magical Staves
 a - a staff of conjuration (weapon)
Jewellery
 i - the amulet of Tittuth (around neck) {Acrobat rC+ Str+3 Dex+4}
   (You acquired it on level 5 of the Dungeon)

   [amulet of the acrobat]

   It increases your evasion while moving and waiting.
   Str:       It affects your strength (+3).
   Dex:       It affects your dexterity (+4).
   rC:        It protects you from cold.
 l - a +6 ring of intelligence (left hand)
 B - an amulet of guardian spirit
 D - a ring of positive energy
 F - a +6 ring of strength
 I - a ring of willpower (right hand)
 K - a ring of fire
Wands
 h - a wand of acid (8)
 r - a wand of flame (44)
 v - a wand of iceblast (8)
 x - a wand of paralysis (11)
Scrolls
 d - 8 scrolls of identify
 g - 4 scrolls of fear
 j - a scroll of magic mapping
 q - 4 scrolls of teleportation
 y - 5 scrolls of enchant armour
 C - 2 scrolls of silence {unknown}
 H - a scroll of enchant weapon
 J - a scroll of brand weapon
Potions
 b - 3 potions of flight
 k - 2 potions of berserk rage
 m - 2 potions of ambrosia
 n - a potion of cancellation
 p - 4 potions of resistance
 s - 2 potions of curing
 u - a potion of brilliance
 z - a potion of heal wounds
 A - a potion of might {unknown}
 E - 2 potions of lignification {unknown}


   Skills:
 + Level 7.5 Fighting
 - Level 6.0 Armour
 + Level 6.4 Dodging
 - Level 1.7 Stealth
 + Level 7.7 Spellcasting
 * Level 11.4 Conjurations
 + Level 7.2 Hexes
 + Level 7.6 Translocations
 + Level 2.3 Fire Magic
 - Level 4.0 Ice Magic


You had 6 spell levels left.
You knew the following spells:

 Your Spells              Type           Power      Damage    Failure   Level
a - Magic Dart            Conj           100%       1d8       1%          1
b - Searing Ray           Conj           100%       2d8       1%          2
c - Iskenderun's Mystic   Conj/Tloc      100%       2d19      1%          4
d - Fulminant Prism       Conj/Hex       49%        3d21      1%          4
e - Apportation           Tloc           100%       N/A       1%          1
f - Frozen Ramparts       Ice            100%       1d12      1%          3
g - Fireball              Conj/Fire      43%        3d17      3%          5

Your spell library contained the following spells:

 Spells                   Type           Power      Damage    Failure   Level
 Dazzling Flash           Conj/Hex       100%       N/A       1%          3
 Mephitic Cloud           Conj/Pois/Air  66%        N/A       1%          3
 Stone Arrow              Conj/Erth      100%       3d13      1%          3
 Animate Skeleton         Necr           34%        N/A       2%          1
 Pain                     Necr           68%        1d7       2%          1
 Sandblast                Erth           34%        2d9       2%          1
 Summon Small Mammal      Summ           68%        N/A       2%          1
 Call Imp                 Summ           17%        N/A       3%          2
 Passwall                 Tmut/Erth      14%        N/A       3%          2
 Vampiric Draining        Necr           17%        2d7       6%          3
 Ice Form                 Ice/Tmut       34%        N/A       10%         4
 Summon Ice Beast         Ice/Summ       34%        N/A       10%         4
 Starburst                Conj/Fire      43%        6d12      21%         6
 Olgreb's Toxic Radiance  Pois           17%        N/A       22%         4
 Ozocubu's Refrigeration  Ice            25%        4d10      98%         7
 Ignition                 Fire           18%        3d7       100%        8


Dungeon Overview and Level Annotations

Branches:
Dungeon (11/15)            Temple (1/1) D:4            Lair (3/6) D:11
    Orc (0/2) D:11          Sewer (visited)          Bailey (visited)
  Swamp: Lair:2-4    Shoals: Lair:2-4     Snake: Lair:2-4    Spider: Lair:2-4

Annotations:
D:2 1 runed translucent door, Crazy Yiuf


Innate Abilities, Weirdness & Mutations

You have an increased reservoir of magic. (+10% MP)
You shall have no god before yourself.
Your divine heritage dramatically boosts your attributes as you level up.


Message History

The komodo dragon bites you!!!
You wake up.
Ouch! That really hurt!
* * * LOW HITPOINT WARNING * * *
Unknown command.
Unknown command.
Unknown command.
Unknown command.
Unknown command.
Casting: Iskenderun's Mystic Blast (safe; 1% risk of failure)
Confirm with . or Enter, or press ? or * to list all spells.
You don't have enough magic to cast this spell.
Okay, then.
Okay, then.
Unknown command.
You feel yourself speed up.
The dream sheep shake their wool and sparkle.
You feel drowsy...
You fall asleep.
The komodo dragon barely misses you.
The komodo dragon hisses menacingly.
The komodo dragon bites you!
You wake up.
* * * LOW HITPOINT WARNING * * *
Unknown command.
Unknown command.
Unknown command.
The dream sheep completely misses you.
Casting: Iskenderun's Mystic Blast (safe; 1% risk of failure)
Confirm with . or Enter, or press ? or * to list all spells.
You feel a surge of power!
You erupt in a blast of force!
The mystic blast hits the plant!
The plant begins to die.
The plant is lightly damaged.
The mystic blast hits the komodo dragon!!
You kill the komodo dragon!
The mystic blast hits the dream sheep!!
You kill the dream sheep!
Unknown command.
The dream sheep shake their wool and sparkle.
You feel drowsy...
You fall asleep.
Being near the torpor snail leaves you feeling lethargic.
The dream sheep bites you!!
You die...

#.#.......#......#
#....#.#...8....##
##w.###......#.#.#
#....###.#...#..#
##Y.#.###......#### #..###
##+....P#.# ##Y.P# #....(.....
#.Y..# #.......... ... ##@..#
#.......... <... ###...##
##.........
.....#####.##...### #.........
.......<.......##.###....(....
...............P.#.P..........
..............................
..##......#..#..............##
. #...........#............†.#
............<#.............##


You could see a torpor snail and 3 dream sheep.

Vanquished Creatures
  Gastronok (Lair:3)
  5 hydras
  The ghost of Zeor the Carver, a journeyman TeMo of Wu Jian (Lair:2)
  A two-headed ogre (D:8)
  Nergalle (D:11)
  A manticore (D:11)
  An elephant (D:11)
  2 gargoyles
  Joseph (D:9)
  6 cane toads
  5 komodo dragons
  3 unseen horrors
  A kobold demonologist (D:9)
  2 trolls
  2 dream sheep
  2 wyverns
  14 yaks
  2 basilisks
  A steam dragon (D:10)
  3 vampire mosquitoes (D:11)
  Menkaure (D:6)
  Grum (D:11)
  2 water moccasins
  3 sky beasts
  An ice beast (D:6)
  10 orc warriors
  5 black bears
  4 ogres
  3 necrophages
  17 wolves
  2 phantoms (D:5)
  13 centaurs
  4 kobold brigands
  12 bullfrogs
  2 gnoll sergeants
  4 scorpions
  A wyvern zombie (D:5)
  A killer bee (D:9)
  7 howler monkeys
  2 vampire bats (Lair:2)
  4 electric eels (D:6)
  2 bullfrog zombies (D:6)
  3 centaur zombies
  2 hounds (D:6)
  3 jellies
  3 orc priests
  A bullfrog skeleton (D:5)
  3 iguanas
  9 orc wizards
  A hound skeleton (D:4)
  Robin (D:1)
  5 gnolls
  8 adders
  A howler monkey skeleton (D:7)
  4 river rats (Sewer)
  A shadow imp (D:6)
  A white imp (D:7)
  An ufetubus (D:6)
  An adder zombie (D:5)
  An adder skeleton (D:2)
  A worm (D:4)
  A dart slug (D:4)
  54 orcs
  9 bats
  12 endoplasms
  4 giant cockroaches
  17 goblins
  14 hobgoblins
  7 jackals
  19 kobolds
  2 quokkas
  12 ball pythons
  A frilled lizard (Sewer)
  10 rats
368 creatures vanquished.

Vanquished Creatures (others)
  67 fulminant prisms
  18 fungi
  25 plants
110 creatures vanquished.

Grand Total: 478 creatures vanquished

Notes
Turn   | Place    | Note
-------+----------+-------------------------------------------
     0 | D:1      | pkoi the Demigod Conjurer began the quest for the Orb.
     0 | D:1      | Reached XP level 1. HP: 14/14 MP: 5/5
   295 | D:1      | Reached XP level 2. HP: 20/20 MP: 5/7
   321 | D:1      | Reached skill level 4 in Conjurations
  1001 | D:2      | Reached XP level 3. HP: 26/26 MP: 5/9
  1004 | D:2      | Learned a level 2 spell: Searing Ray
  1731 | D:2      | Noticed Robin
  2039 | D:2      | Reached XP level 4. HP: 33/33 MP: 8/10
  2224 | D:1      | Killed Robin
  2586 | D:2      | Reached skill level 5 in Conjurations
  2708 | D:2      | Found a runed translucent door.
  2709 | D:2      | Noticed Crazy Yiuf
  2953 | D:3      | Identified the +1 leather armour "Camuust" {rElec rC+ Int+2
                  | Slay+2}
  2977 | D:3      | Learned a level 4 spell: Iskenderun's Mystic Blast
  3565 | D:4      | Noticed an ogre
  3571 | D:4      | Killed an ogre
  3572 | D:4      | Reached skill level 1 in Armour
  3572 | D:4      | Reached skill level 1 in Translocations
  3572 | D:4      | Reached XP level 5. HP: 38/38 MP: 4/12
  3759 | D:4      | Reached XP level 6. HP: 10/45 MP: 4/13
  3778 | D:4      | Found a glowing drain.
  3883 | Sewer    | Entered a sewer
  4423 | Sewer    | Reached skill level 6 in Conjurations
  4703 | Sewer    | Reached XP level 7. HP: 33/50 MP: 6/15
  5370 | Sewer    | Learned a level 4 spell: Fulminant Prism
  5879 | D:4      | Found a staircase to the Ecumenical Temple.
  5898 | Temple   | Entered the Ecumenical Temple
  6456 | D:5      | Entered Level 5 of the Dungeon
  6718 | D:5      | Identified a scroll of acquirement
  6718 | D:5      | Acquired the amulet of Tittuth {Acrobat rC+ Str+3 Dex+4}
  6742 | D:5      | Reached skill level 1 in Hexes
  7096 | D:5      | Reached skill level 7 in Conjurations
  7171 | D:5      | Reached XP level 8. HP: 43/57 MP: 11/17
  8319 | D:6      | Found a transporter.
  8358 | D:6      | Noticed Menkaure
  8563 | D:6      | Killed Menkaure
  8611 | D:6      | Reached skill level 8 in Conjurations
  8866 | D:6      | Reached XP level 9. HP: 62/62 MP: 14/19
  9254 | D:6      | Reached skill level 9 in Conjurations
  9254 | D:6      | Reached skill level 5 in Hexes
  9254 | D:6      | Reached skill level 5 in Translocations
  9254 | D:6      | Reached XP level 10. HP: 78/78 MP: 20/23
  9493 | D:6      | You fall into a shaft and drop 2 floors!
  9500 | D:8      | Noticed an eight-headed hydra
  9583 | D:8      | Learned a level 1 spell: Apportation
  9587 | D:8      | Learned a level 3 spell: Frozen Ramparts
  9795 | D:6      | Found a transporter.
 11322 | D:8      | Noticed a two-headed ogre
 11330 | D:8      | Killed a two-headed ogre
 11331 | D:8      | Reached skill level 1 in Ice Magic
 11553 | D:8      | Killed an eight-headed hydra
 12418 | D:9      | Found a flagged portal.
 12426 | Bailey   | Entered a bailey
 14049 | Bailey   | Reached XP level 11. HP: 62/85 MP: 20/25
 14505 | D:9      | Reached skill level 5 in Dodging
 14802 | D:9      | Reached skill level 10 in Conjurations
 15000 | D:9      | Reached skill level 5 in Fighting
 15051 | D:9      | Reached skill level 5 in Armour
 15062 | D:9      | Noticed Joseph
 15072 | D:9      | Killed Joseph
 15478 | D:10     | Entered Level 10 of the Dungeon
 17341 | D:11     | Found a staircase to the Orcish Mines.
 17899 | D:11     | Noticed Nergalle
 17902 | D:11     | Found a staircase to the Lair.
 17907 | D:11     | Killed Nergalle
 18463 | D:11     | Identified the +9 trident of the Eel {drain, rPois rC+
                  | Str-4 Stlth+}
 19124 | D:11     | Noticed Grum
 19127 | D:11     | Killed Grum
 19484 | Lair:1   | Entered Level 1 of the Lair of Beasts
 19679 | Lair:1   | Reached XP level 12. HP: 97/97 MP: 8/27
 19876 | Lair:1   | Learned a level 5 spell: Fireball
 21276 | Lair:2   | Noticed a five-headed hydra
 21284 | Lair:2   | Killed a five-headed hydra
 21393 | Lair:2   | Noticed a six-headed hydra
 21401 | Lair:2   | Killed a six-headed hydra
 21402 | Lair:2   | Reached skill level 11 in Conjurations
 21402 | Lair:2   | Reached skill level 1 in Fire Magic
 21612 | Lair:2   | Found the +8 demon blade "Leech" {vamp, Harm Drain rN+}
 21655 | Lair:2   | Identified the +4 ring mail of Liberalism {Drain Str+5
                  | Dex+3}
 21986 | Lair:2   | Noticed a four-headed hydra
 21992 | Lair:2   | Killed a four-headed hydra
 22179 | Lair:2   | Found a runed translucent door.
 22182 | Lair:2   | Noticed Zeor's ghost (journeyman TeMo)
 22427 | Lair:2   | Killed Zeor's ghost
 22657 | Lair:3   | Noticed Gastronok
 22675 | Lair:3   | Killed Gastronok
 23073 | Lair:3   | Noticed a six-headed hydra
 23078 | Lair:3   | Killed a six-headed hydra
 23106 | Lair:3   | Mangled by a dream sheep

Illustrated notes

Levels and vault maps discovered:
D:1:      lightli_arrival_farm, layout_rooms,
          hellmonk_ecumenical_altar_the_god_not_taken
D:2:      layout_loops_ring, basic_altar, serial_park_tiny_pond, minivault_25,
          uniq_crazy_yiuf_cottage, uniq_robin
D:3:      layout_rooms, gammafunk_temple_overflow_elements, nrook_uturn
D:4:      layout_cave_pools, minmay_temple_entry_statues_fountains,
          portal_sewer_entry_d
D:5:      layout_basic
D:6:      gammafunk_steamed_eel, layout_basic, nicolae_uskayaw_suspiria,
          lemuel_doored_altar, serial_rivers, chequers_serial_rivers_micro_a,
          chequers_serial_rivers_marsh, chequers_serial_rivers_room_a,
          chequers_serial_rivers_small_3, chequers_serial_rivers_micro_e,
          minmay_manual_moon, uniq_menkaure
D:7:      layout_gridville
D:8:      layout_basic, lemuel_round_altar, mainiacjoe_overflow_small_starburst,
          grunt_temple_overflow_open
D:9:      minmay_evil_eye, layout_long_grid, nicolae_vehumet_radiance,
          enter_bailey_7, uniq_joseph
D:10:     layout_loops_cross, mainiacjoe_overflow_paths, kennysheep_mini_moat
D:11:     layout_layer_cave, david_lair_generic, uniq_nergalle, uniq_grum
Temple:   jpeg_temple_alley_garden
Lair:1:   layout_layer_cave, grunt_megastairs_2
Lair:2:   layout_long_grid, ebering_ghost_inner_flame, roderic_batcave,
          dreamdust_deal_with_the_devil, chequers_serial_rivers_small_b,
          beast_lair_carwin_5, serial_bayou_shore_b, infiniplex_staircase_pool_2
Lair:3:   layout_chaotic_city, basic_altar, grunt_megastairs_1, uniq_gastronok

Skill      XL: |  1  2  3  4  5  6  7  8  9 10 11 12 |
---------------+-------------------------------------+-----
Spellcasting   | 2 3 4 6 7 |  7.7
Conjurations   | 4 5 6 7 8 9 10 11 | 11.4
Armour         | 1 2 3 4 5 6 |  6.0
Translocations | 1 2 3 4 5 6 7 |  7.6
Hexes          | 1 3 5 6 7 |  7.2
Fighting       | 4 6 7 |  7.5
Dodging        | 4 5 6 |  6.4
Ice Magic      | 1 3 4 |  4.0
Fire Magic     | 2 |  2.3
Stealth        | |  1.7

Action                   |  1- 3 |  4- 6 |  7- 9 | 10-12 || total
-------------------------+-------+-------+-------+-------++-------
Melee: Unarmed           |     7 |       |       |       ||     7
       Whip              |     4 |    13 |     2 |       ||    19
       Punch             |     1 |       |       |     1 ||     2
       Short sword       |       |       |     8 |       ||     8
       Staff             |       |       |       |    16 ||    16
       Trident           |       |       |       |     7 ||     7
 Cast: Magic Dart        |    88 |    89 |   133 |   154 ||   464
       Searing Ray       |     1 |    13 |    22 |    11 ||    47
       Iskenderun's Myst |       |       |       |   123 ||   123
       Fulminant Prism   |       |       |       |    67 ||    67
       Frozen Ramparts   |       |       |       |     1 ||     1
  Use: Scroll            |       |     3 |    10 |     7 ||    20
       Potion            |       |     4 |     1 |     1 ||     6
Armor: Robe              |     4 |     3 |       |       ||     7
       Leather armour    |       |     4 |    23 |    22 ||    49
Dodge: Dodged            |    22 |    34 |    50 |   195 ||   301
